General information
- name: BNet
- type: Ladder 1vs1/FFA
- host: Battle.net
- saver: Rush[yyz]
map: SecretValley
- players: 2
- length: 13:22
- speed: Fast
- version: 1.23 W3XP
- replay type: Public
» download(53 KB)
Players
team 1 (winner)

»
Rush[yyz] (
purple | 125 APM | 1668 actions | 13:22)
3 Death Knight
2 Death Coil
1 Unholy Aura
1 Lich
1 Frost Armor
1 Dark Ranger
1 Silence
» actions
| Assign group hotkey | 31 | |
| Basic commands | 119 | |
| Build / train | 47 | |
| Enter build submenu | 10 | |
| Enter hero's abilities submenu | 5 | |
| Give item / drop item | 1 | |
| Remove unit from queue | 3 | |
| Right click | 607 | |
| Select / deselect | 239 | |
| Select group hotkey | 516 | |
| Use ability | 90 | |
1668 total
» units
| Acolyte | 2 | |
| Ghoul | 2 | |
| Crypt Fiend | 13 | |
| Obsidian Statue | 2 | |
19 total
» upgrades
» buildings
| Crypt | 1 | |
| Graveyard | 1 | |
| Altar of Darkness | 1 | |
| Ziggurat | 4 | |
| Tomb of Relics | 1 | |
| Halls of the Dead | 1 | |
| Nerubian Tower | 3 | |
| Slaughterhouse | 1 | |
| Black Citadel | 1 | |
14 total
» build order
00:09 Crypt
00:12 Graveyard
00:42 Altar of Darkness
00:59 Ziggurat
01:22 Tomb of Relics
02:01 Ziggurat
03:28 Halls of the Dead
04:01 Nerubian Tower
04:01 Nerubian Tower
04:02 Nerubian Tower
04:18 Ziggurat
05:56 Slaughterhouse
07:05 Black Citadel
07:32 Ziggurat
» items
| Rod of Necromancy | 2 | |
| Dust of Appearance | 3 | |
| Potion of Healing | 2 | |
| Orb of Corruption | 1 | |
8 total
team 2 (loser)
PoW.aRHouSe (
yellow | 119 APM | 1581 actions | 13:19)
3 Blademaster
2 Wind Walk
1 Critical Strike
3 Shadow Hunter
1 Hex
2 Healing Wave
» actions
| Assign group hotkey | 73 | |
| Basic commands | 127 | |
| Build / train | 75 | |
| Enter build submenu | 16 | |
| Enter hero's abilities submenu | 6 | |
| Give item / drop item | 3 | |
| Remove unit from queue | 7 | |
| Right click | 600 | |
| Select / deselect | 328 | |
| Select group hotkey | 279 | |
| Use ability | 67 | |
1581 total
» units
| Peon | 19 | |
| Grunt | 10 | |
| Spirit Walker | 6 | |
| Raider | 3 | |
| Troll Headhunter/Berserker | 4 | |
| Wind Rider | 1 | |
43 total
» upgrades
| Berserker Strength | 1 | |
| Ensnare | 1 | |
| Spirit Walker Training | 0 | |
2 total
» buildings
| Altar of Storms | 1 | |
| Orc Burrow | 5 | |
| Barracks | 1 | |
| Voodoo Lounge | 1 | |
| Stronghold | 2 | |
| War Mill | 1 | |
| Beastiary | 4 | |
| Spirit Lodge | 1 | |
| Great Hall | 1 | |
| Fortress | 1 | |
18 total
» build order
00:05 Altar of Storms
00:22 Orc Burrow
00:35 Barracks
01:29 Orc Burrow
01:58 Voodoo Lounge
02:51 Stronghold
02:52 Stronghold
03:25 Orc Burrow
04:37 War Mill
05:27 Beastiary
05:37 Beastiary
05:40 Orc Burrow
05:45 Spirit Lodge
08:49 Great Hall
08:59 Beastiary
09:02 Orc Burrow
10:01 Beastiary
11:08 Fortress
» items
| Healing Salve | 3 | |
| Boots of Speed | 1 | |
| Lesser Clarity Potion | 1 | |
| Scroll of Speed | 2 | |
| Scroll of Protection | 1 | |
| Scroll of Healing | 1 | |
9 total
Chat log
(13:17 / All) PoW.aRHouSe: gg